 Dungeon Crawl Stone Soup version 0.32-a0-360-gcd93b57 (webtiles) character file.

Game seed: 1096773511424304438

88 Luce the Slasher (level 4, -1/35 HPs)
             Began as a Coglin Warper on Feb 18, 2024.
             Slain by a gnoll
             ... wielding a +0 club
              (5 damage)
             ... on level 2 of the Dungeon.
             The game lasted 00:03:47 (1346 turns).

Luce the Slasher (Coglin Warper)                    Turns: 1346, Time: 00:03:48

Health: -1/35      AC:  3    Str: 12    XL:     4   Next: 54%
Magic:  6/6        EV: 12    Int: 12    God:
Gold:   104        SH:  0    Dex: 21    Spells: 6/6 levels left

rFire   . . .        a - +0 falchion {Liang}
rCold   . . .        g - +0 dagger {Suphaphon}
rNeg    . . .        b - +0 leather armour
rPois   .            (no helmet)
rElec   .            (no cloak)
rCorr   .            (no gloves)
SInv    .            (no boots)
Will    .....        (no amulet)
Stlth   ++           h - ring of flight
HPRegen 0.25/turn    o - +6 ring of dexterity
MPRegen 0.10/turn

%: no passive effects
@: flying, revving, stiff-legged, very slow
A: off-hand wielding, slow wielding, warmup strikes, warmup strides
a: no special abilities


You were on level 2 of the Dungeon.
You visited 1 branch of the dungeon, and saw 2 of its levels.

You collected 104 gold pieces.

Inventory:

Hand Weapons
 a - a +0 falchion (weapon) {Liang}
 g - a +0 dagger (worn) {Suphaphon}
Missiles
 d - 6 darts of dispersal (quivered)
 k - 7 poisoned darts
Armour
 b - a +0 leather armour (worn)
Jewellery
 h - a ring of flight (left grasper)
 o - a +6 ring of dexterity (right grasper)
Scrolls
 c - 2 scrolls of blinking
 l - a scroll of teleportation {!r}
 n - a scroll of poison
Potions
 e - 3 potions of invisibility
 f - a potion of enlightenment
 j - a potion of magic
 m - a potion of attraction {unknown}
 p - a potion of curing {unknown}


   Skills:
 + Level 3.1 Fighting
 * Level 3.9 Long Blades
 - Level 0.8 Throwing
 - Level 0.8 Armour
 - Level 1.7 Dodging
 - Level 1.7 Spellcasting
 - Level 3.0 Translocations


You had 6 spell levels left.
You didn't know any spells.
Your spell library contained the following spells:

 Spells                   Type           Power      Damage    Failure   Level
 Apportation              Tloc           16%        N/A       11%         1
 Blink                    Tloc           16%        N/A       16%         2
 Lesser Beckoning         Tloc           16%        N/A       16%         2
 Momentum Strike          Conj/Tloc      8%         3d8       28%         2
 Gell's Gravitas          Tloc           8%         N/A       30%         3
 Teleport Other           Tloc           8%         N/A       30%         3
 Necrotise                Necr           4%         1d4       34%         1
 Sting                    Conj/Alch      4%         1d3       34%         1
 Summon Small Mammal      Summ           4%         N/A       34%         1
 Manifold Assault         Tloc           8%         N/A       71%         4
 Vhi's Electric Charge    Tloc/Air       8%         N/A       88%         4
 Dispersal                Tloc           4%         N/A       100%        6


Dungeon Overview and Level Annotations

Branches:
Dungeon (2/15)

Altars:


Innate Abilities, Weirdness & Mutations

You can wield a second weapon in your off-hand.
It takes a long time for you to wield or remove held weapons.
Your first few attacks do less damage.
Your first movements take longer.


Message History

A gnoll comes into view. It is wielding a +0 club.
A gnoll is nearby!
A gnoll is nearby!
A gnoll is nearby!
A gnoll comes into view. It is wielding a +0 halberd.
The gnoll shouts!
A ribbon worm comes into view.
An endoplasm and a gnoll come into view.
The gnoll shouts!
The endoplasm quivers.
The endoplasm freezes you.
You are frozen.
You hit the endoplasm with your +0 falchion.
You kill the endoplasm!
Found 3 gold pieces and a book of Weapons.
The gnoll hits you from afar with a +0 halberd!
The gnoll closely misses you. The gnoll hits you with a +0 club.
You are too injured to fight recklessly!
You are too injured to fight recklessly!
You are too injured to fight recklessly!
You barely miss the gnoll with your +0 falchion.
You hit the gnoll but do no damage. The gnoll barely misses you.
The gnoll misses you.
You barely miss the gnoll with your +0 falchion.
You hit the gnoll with your +0 dagger. The gnoll misses you.
The gnoll hits you from afar with a +0 halberd.
The gnoll hits you with a +0 club.
* * * LOW HITPOINT WARNING * * *
Okay, then.
Throw: 7 darts (disperse)
Press: ? - help, Shift-Dir - straight line, f - gnoll
Aim: a gnoll, wielding a +0 halberd (64% to hit)
You throw a dart of dispersal.
The dart of dispersal hits the ribbon worm.
The ribbon worm blinks!
The gnoll barely misses you.
The gnoll hits you from afar with a +0 halberd.
* * * LOW HITPOINT WARNING * * *
The gnoll hits you with a +0 club.
You die...

#########
#......####
##...##.# #
###..###..# #
##...## .## #
#..#.# . #
###.##.# .. #
########...##.. #
.........####..#
#
$.....g@(......#
#
:.....ยง...###.##
# .....gg..## ###
# ......w..#
.........#
.........#
.........#
.........#


You could see a ribbon worm and 3 gnolls.

Vanquished Creatures
  An adder (D:2)
  A dart slug (D:1)
  A ribbon worm (D:2)
  7 endoplasms
  5 goblins
  2 hobgoblins (D:1)
  3 jackals (D:2)
  3 quokkas
  6 ball pythons
  4 bats
  A frilled lizard (D:1)
  6 kobolds (D:1)
  2 rats
42 creatures vanquished.

Notes
Turn   | Place    | Note
-------+----------+-------------------------------------------
     0 | D:1      | Luce the Coglin Warper began the quest for the Orb.
     0 | D:1      | Reached XP level 1. HP: 16/16 MP: 3/3
    79 | D:1      | Reached XP level 2. HP: 22/22 MP: 4/4
   203 | D:1      | Reached XP level 3. HP: 16/28 MP: 5/5
   815 | D:2      | Reached XP level 4. HP: 24/34 MP: 6/6
   954 | D:2      | Found a faded altar of an unknown god.
  1346 | D:2      | Slain by a gnoll

Illustrated notes

Levels and vault maps discovered:
D:1:      shiori_arrival_elements, layout_loops_ring
D:2:      layout_rooms, chequers_ecumenical_altar_simple

Skill      XL: |  1  2  3  4 |
---------------+-------------+-----
Long Blades    | 3 |  3.9
Fighting       | 3 |  3.1
Throwing       | |  0.8
Armour         | |  0.8
Dodging        | |  1.7
Spellcasting   | |  1.7
Translocations | |  3.0

Action                     |  1- 3 |  4- 6 || total
---------------------------+-------+-------++-------
  Melee: Falchion          |    70 |    26 ||    96
         Dagger            |    58 |    22 ||    80
  Throw: Dart              |       |     1 ||     1
    Use: Scroll            |       |     5 ||     5
   Stab: Sleeping          |     1 |     1 ||     2
 Armour: Leather armour    |    42 |    22 ||    64
  Dodge: Dodged            |    42 |    22 ||    64

Table legend: (Time is in decaauts)
 A = Elapsed time spent in this place.
 B = Non-inter-level travel time spent in this place.
 C = Inter-level travel time spent in this place.
 D = Time resting spent in this place.
 E = Time spent auto-exploring this place.
 F = Levels seen in this place.
 G = Mean time per level.
                   A        B        C        D        E       F      G
               +--------+--------+--------+--------+--------+-----+--------+
         Total |   1419 |   1377 |     42 |      0 |   1107 |   2 |  709.5 |
       Dungeon |   1419 |   1377 |     42 |      0 |   1107 |   2 |  709.5 |
               +--------+--------+--------+--------+--------+-----+--------+

Top non-repeatable levels by time:
     D:1: 834 daAuts
     D:2: 584 daAuts
